Map: [ESL] Site Delta

Players

Stats

  • Race: Protoss Protoss
  • League: Master
  • Spawn Location: 11:00

DKZDark (Dark) - Winner!

  • Race: Zerg Zerg
  • League: Master
  • Spawn Location: 5:00

Event: IEM Katowice 2024

VOD

Have the link to the VOD?

Description

Time

  • Played on: Dec. 6, 2023, 4:29 a.m.
  • Length: 17:23

All games in this series

Show
View Real Time Build Order
Export as new Build Order

Stats Protoss 

Build Orders: 1 Gate Expand, Oracle Opening, Chargelot Immortal 

Get SALT Encoding   

  12  0:00  Probe  
  13  0:13  Pylon  
  13  0:17  Probe (Chrono Boost)  
  14  0:26  Probe (Chrono Boost)  
  15  0:31  Probe (Chrono Boost)  
  16  0:38  Gateway  
  16  0:43  Probe  
  17  0:51  Assimilator  
  17  0:55  Probe  
  18  1:07  Probe  
  19  1:19  Probe  
  20  1:27  Nexus  
  20  1:34  Cybernetics Core  
  20  1:37  Probe  
  21  1:43  Assimilator  
  21  1:49  Probe  
  21  1:53  Pylon  
  22  2:01  Probe (Chrono Boost)  
  23  2:09  Adept (Chrono Boost)  
  23  2:13  Probe (Chrono Boost)  
  26  2:20  Stargate, Probe (Chrono Boost)  
  27  2:29  Pylon  
  27  2:31  Warp Gate  
  27  2:33  Probe  
  28  2:38  Probe (Chrono Boost)  
  28  2:41  Adept  
  31  2:50  Probe (Chrono Boost)  
  33  2:54  Probe (Chrono Boost)  
  33  2:58  Probe (Chrono Boost)  
  34  3:00  Gateway  
  34  3:01  Probe (Chrono Boost)  
  34  3:05  Probe  
  35  3:06  Oracle (Chrono Boost)  
  35  3:12  Probe  
  40  3:13  Adept  
  40  3:17  Pylon  
  40  3:19  Probe  
  43  3:24  Probe  
  44  3:31  Probe  
  45  3:36  Probe  
  45  3:38  Oracle (Chrono Boost)  
  49  3:47  Probe  
  50  3:49  Pylon  
  50  3:51  Probe  
  50  3:55  Nexus  
  51  4:03  Probe  
  51  4:04  Probe  
  51  4:09  Assimilator  
  53  4:10  Assimilator  
  53  4:13  Oracle (Chrono Boost), Pylon  
  56  4:18  Probe  
  56  4:19  Probe  
  58  4:27  Pylon  
  58  4:31  Probe x2  
  60  4:37  Forge  
  60  4:39  Twilight Council  
  60  4:43  Probe x2  
  60  4:45  Gateway  
  62  4:47  Gateway  
  62  4:55  Probe x2 (Chrono Boost)  
  64  5:02  Robotics Facility  
  64  5:07  Probe x2 (Chrono Boost)  
  66  5:11  Probe x2 (Chrono Boost)  
  66  5:13  Blink  
  68  5:16  Protoss Ground Weapons Level 1 (Chrono Boost), Probe (Chrono Boost)  
  69  5:25  Probe x2 (Chrono Boost)  
  69  5:26  Gateway  
  69  5:28  Pylon  
  71  5:32  Probe (Chrono Boost)  
  74  5:37  Probe x3 (Chrono Boost)  
  74  5:42  Pylon  
  75  5:44  Pylon  
  75  5:45  Assimilator  
  75  5:46  Probe x2  
  75  5:49  Assimilator  
  77  5:50  Gateway  
  77  5:53  Gateway, Probe  
  77  5:54  Gateway  
  78  5:58  Probe x2  
  78  5:59  Observer  
  81  6:05  Probe  
  81  6:09  Shield Battery  
  81  6:10  Probe x2  
  81  6:11  Stalker x4  
  92  6:22  Warp Prism  
  94  6:27  Stalker  
  96  6:34  Pylon  
  96  6:44  Nexus  
  96  6:45  Pylon  
  96  6:52  Stalker x2, Robotics Bay  
  96  6:53  Stalker x3  
  96  6:54  Robotics Facility  
  106  7:03  Charge  
  106  7:08  Protoss Ground Weapons Level 2 (Chrono Boost)  
  106  7:10  Forge  
  106  7:13  Stalker x2  
  110  7:16  Shield Battery  
  110  7:17  Probe x3  
  110  7:21  Shield Battery  
  110  7:22  Photon Cannon  
  113  7:29  Probe x3  
  116  7:31  Pylon  
  116  7:33  Templar Archives, Pylon  
  116  7:38  Zealot x4  
  124  7:45  Colossus (Chrono Boost)  
  124  7:46  Probe x3  
  133  7:52  Protoss Ground Armor Level 1 (Chrono Boost)  
  133  7:57  Colossus (Chrono Boost)  
  133  7:58  Probe  
  140  8:01  Probe x2  
  140  8:03  Probe  
  143  8:11  Extended Thermal Lance  
  143  8:12  Pylon  
  143  8:13  Pylon  
  143  8:15  Pylon  
  143  8:16  Pylon  
  143  8:23  Probe x4  
  143  8:26  Immortal (Chrono Boost)  
  147  8:27  Pylon  
  147  8:29  Assimilator  
  147  8:33  Assimilator  
  147  8:37  Psionic Storm  
  147  8:38  Immortal (Chrono Boost)  
  147  8:40  High Templar x4  
  163  8:48  Shield Battery  
  163  8:51  Photon Cannon  
  163  8:53  Photon Cannon  
  163  8:54  Photon Cannon, Shield Battery  
  163  8:56  Shield Battery  
  163  8:57  Photon Cannon  
  153  9:11  Immortal (Chrono Boost)  
  153  9:12  Immortal (Chrono Boost)  
  161  9:17  Photon Cannon  
  161  9:30  High Templar x4  
  169  9:31  Zealot  
  169  9:32  Zealot x3  
  177  9:41  Protoss Ground Armor Level 2 (Chrono Boost)  
  177  9:42  Protoss Ground Weapons Level 3 (Chrono Boost)  
  177  9:43  Gateway  
  177  9:46  Gateway  
  177  9:51  Gateway  
  177  9:52  Immortal x2  
  185  10:05  High Templar  
  185  10:06  Nexus, High Templar, Zealot x2  
  185  10:07  Zealot x3, Pylon  
  197  10:13  Archon  
  197  10:18  Zealot  
  193  10:27  Stalker x2  
  175  10:38  Zealot x5  
  175  10:41  Stalker x3  
  154  11:24  Pylon  
  154  11:25  Pylon  
  154  11:26  Assimilator, Templar Archives  
  154  11:27  Pylon x2  
  154  11:28  Pylon  
  154  11:29  Pylon x2  
  154  11:31  Pylon x2  
  154  11:42  Nexus, Probe x2  
  154  11:43  Pylon, Immortal, Probe x2  
  154  11:45  Immortal  
  166  11:54  Zealot x7, Probe x2  
  168  11:55  Probe x2  
  184  12:06  Probe  
  181  12:20  High Templar x4  
  181  12:21  High Templar x2  
  193  12:26  Archon x2  
  193  12:27  Archon  
  193  12:28  Zealot  
  193  12:29  Protoss Ground Armor Level 3 (Chrono Boost)  
  195  12:30  Shield Battery  
  195  12:32  Protoss Shields Level 1 (Chrono Boost), Shield Battery  
  195  12:34  Photon Cannon  
  195  12:37  Assimilator  
  195  12:40  Photon Cannon  
  195  12:43  Immortal  
  197  12:46  Protoss Air Weapons Level 1  
  186  13:23  Stalker x7  
  190  13:33  Immortal x2  
  192  13:36  Probe x4  
  194  13:47  High Templar x2  
  194  13:48  High Templar  
  200  13:51  Gateway  
  200  13:52  Gateway  
  200  13:53  Gateway  
  200  13:56  Gateway  
  200  13:57  Archon  
  200  13:59  Photon Cannon  
  200  14:14  Stargate  
  200  14:20  Cybernetics Core  
  200  14:25  Assimilator  
  200  14:28  Pylon  
  200  14:29  Protoss Shields Level 2 (Chrono Boost)  
  200  14:31  Warp Prism x2  
  192  14:37  Pylon  
  196  14:39  Gravitic Drive  
  196  14:44  Nexus  
  196  14:46  Pylon  
  196  15:06  Shield Battery  
  196  15:08  Photon Cannon  
  196  15:09  Photon Cannon  
  196  15:11  Photon Cannon  
  196  15:13  Photon Cannon  
  185  15:15  Shield Battery  
  185  15:16  Shield Battery  
  185  15:19  Observer x2  
  181  15:25  Zealot  
  181  15:26  Zealot x6  
  193  15:30  Stalker x5  
  172  15:47  Observer  
  156  15:53  Stalker x4  
  156  15:54  Stalker x6  
  103  16:19  Zealot x10  
  117  16:26  Pylon  
  91  16:42  Stalker x4  
  91  16:43  Stalker x4  
  108  16:57  Robotics Facility  
  108  16:58  Robotics Facility  
  108  16:59  Gateway  
  108  17:02  Gateway x2  
  108  17:03  Gateway  
  108  17:06  High Templar x4, Assimilator  
  108  17:07  High Templar x4  
  124  17:12  Gateway x2  
  124  17:15  Photon Cannon  
  124  17:17  Photon Cannon  
  124  17:18  Shield Battery  
Show
View Real Time Build Order
Export as new Build Order

DKZDark Zerg - Winner!

Build Orders: Hatch First, Lurkers 

Get SALT Encoding   

  12  0:00  Drone  
  13  0:11  Overlord  
  13  0:16  Drone  
  14  0:30  Drone x2  
  16  0:49  Hatchery  
  15  0:52  Drone  
  15  0:56  Drone  
  17  0:59  Drone  
  18  1:09  Extractor  
  17  1:14  Spawning Pool  
  17  1:17  Drone  
  17  1:20  Drone  
  18  1:28  Drone  
  19  1:39  Drone  
  20  1:50  Overlord  
  20  2:00  Queen  
  20  2:01  Queen  
  22  2:02  Zergling x4  
  26  2:09  Metabolic Boost  
  26  2:12  Drone  
  27  2:18  Zergling x2  
  27  2:21  Drone  
  29  2:26  Drone  
  30  2:36  Drone x2  
  32  2:51  Hatchery  
  31  2:55  Queen, Overlord  
  32  2:59  Overlord  
  32  3:04  Drone  
  33  3:06  Drone  
  33  3:08  Zergling x2  
  33  3:12  Drone  
  36  3:16  Queen  
  36  3:19  Drone x2  
  40  3:22  Drone  
  40  3:24  Drone  
  40  3:26  Drone  
  43  3:28  Drone  
  43  3:30  Drone  
  45  3:34  Drone  
  46  3:44  Zergling x4  
  46  3:45  Drone  
  46  3:46  Drone  
  46  3:47  Drone x2  
  52  3:48  Spore Crawler  
  52  3:51  Spore Crawler  
  50  3:56  Queen  
  52  4:06  Queen  
  56  4:10  Drone x4  
  58  4:22  Overlord  
  58  4:23  Overlord  
  58  4:24  Lair  
  58  4:27  Extractor  
  58  4:28  Overlord  
  58  4:29  Drone  
  57  4:33  Extractor  
  57  4:37  Drone x2, Roach Warren  
  57  4:41  Drone x5  
  57  4:44  Drone  
  63  4:48  Drone x2  
  63  4:52  Drone x3  
  68  4:56  Drone  
  69  5:00  Zergling x4  
  69  5:02  Drone x2  
  69  5:04  Drone  
  74  5:08  Drone  
  74  5:13  Drone x2  
  77  5:14  Drone x2  
  77  5:17  Drone x2  
  77  5:19  Overlord  
  81  5:21  Overlord  
  81  5:26  Overlord  
  81  5:32  Extractor, Overlord, Evolution Chamber  
  81  5:33  Extractor  
  81  5:34  Drone x2  
  80  5:36  Drone, Infestation Pit  
  80  5:37  Drone  
  80  5:38  Drone  
  80  5:40  Drone  
  80  5:41  Drone  
  85  5:42  Drone  
  85  5:46  Roach  
  85  5:49  Extractor  
  86  5:51  Drone x2  
  86  5:55  Hatchery  
  87  5:58  Drone  
  87  5:59  Zerg Melee Weapons Level 1  
  87  6:03  Roach x3  
  94  6:05  Roach  
  94  6:10  Zergling x8  
  100  6:12  Zergling x4  
  100  6:16  Infestor  
  100  6:18  Hive  
  104  6:20  Hydralisk Den  
  104  6:24  Overlord  
  104  6:25  Overlord  
  103  6:30  Zergling x6  
  103  6:32  Overlord x2  
  106  6:38  Overlord  
  106  6:43  Drone x3  
  106  6:44  Drone x3  
  111  6:47  Ravager  
  111  6:48  Ravager x3  
  111  6:49  Ravager  
  111  6:53  Drone  
  111  6:54  Zergling x4, Evolution Chamber, Lurker Den  
  116  6:55  Zergling x6  
  116  6:58  Drone  
  116  6:59  Zergling x2  
  122  7:10  Overlord  
  122  7:13  Drone x3  
  125  7:15  Spore Crawler  
  125  7:16  Extractor x2  
  125  7:19  Zergling x2  
  125  7:20  Zergling x22  
  125  7:22  Grooved Spines  
  133  7:23  Zerg Missile Weapons Level 1  
  133  7:30  Hydralisk x3  
  133  7:32  Hydralisk  
  141  7:44  Overlord  
  141  7:50  Hydralisk x2  
  145  7:51  Seismic Spines  
  145  7:58  Overlord  
  145  8:01  Hatchery  
  142  8:06  Viper x2, Overlord  
  142  8:07  Zerg Melee Weapons Level 2  
  142  8:11  Adrenal Glands  
  142  8:12  Muscular Augments  
  148  8:19  Lurker  
  144  8:20  Lurker  
  144  8:21  Zergling x24  
  144  8:23  Drone  
  144  8:24  Drone  
  144  8:25  Drone  
  144  8:26  Drone  
  161  8:27  Drone  
  161  8:30  Drone  
  162  8:38  Lurker x4  
  166  8:48  Adaptive Talons  
  166  8:49  Nydus Network  
  166  8:51  Overlord  
  166  8:52  Overlord x2  
  165  8:55  Hydralisk x4  
  173  9:07  Overseer  
  173  9:13  Hydralisk x4  
  173  9:15  Zergling x2  
  173  9:16  Zergling x14  
  187  9:17  Zerg Missile Weapons Level 2  
  187  9:23  Drone x3  
  190  9:27  Extractor  
  190  9:30  Hydralisk  
  190  9:31  Hydralisk x2, Extractor  
  186  9:40  Lurker x4  
  186  9:41  Spore Crawler  
  186  9:42  Drone x2, Spore Crawler  
  186  9:43  Spore Crawler  
  186  9:44  Drone x4, Overseer  
  187  9:58  Lurker x4  
  191  10:03  Hydralisk x2  
  191  10:04  Overseer  
  191  10:06  Drone x3, Spore Crawler  
  196  10:14  Nydus Canal  
  196  10:18  Lurker x2  
  184  10:29  Nydus Canal  
  184  10:34  Zerg Melee Weapons Level 3  
  184  10:35  Hydralisk  
  184  10:46  Zergling x8  
  184  10:47  Zergling x4  
  184  10:48  Hydralisk, Nydus Canal  
  184  10:49  Hydralisk x8  
  197  10:57  Hydralisk  
  197  10:59  Hydralisk  
  197  11:03  Zergling x4  
  197  11:04  Zergling x6  
  188  11:09  Hydralisk x3  
  188  11:11  Zergling x26  
  186  11:16  Lurker x5  
  186  11:18  Zergling x8, Spore Crawler  
  188  11:26  Lurker x2  
  188  11:27  Zergling x10  
  188  11:31  Spine Crawler x2  
  188  11:32  Spine Crawler  
  192  11:35  Zerg Missile Weapons Level 3  
  192  11:37  Lurker  
  192  11:38  Lurker  
  194  11:47  Zergling x8  
  189  12:12  Nydus Canal  
  179  12:17  Lurker x8, Hydralisk x2  
  179  12:18  Hydralisk  
  179  12:19  Zergling x14  
  199  12:28  Spine Crawler  
  198  12:40  Hatchery  
  196  12:49  Nydus Canal  
  180  12:51  Hydralisk  
  180  12:53  Hydralisk x2  
  180  12:55  Hydralisk  
  180  12:57  Hydralisk x11  
  198  12:58  Zergling x2  
  188  13:12  Hydralisk x2  
  173  13:16  Hydralisk  
  173  13:17  Hydralisk x5  
  172  13:20  Hydralisk x2  
  172  13:25  Drone x10  
  169  13:28  Drone x2  
  169  13:29  Lurker  
  169  13:30  Lurker  
  169  13:32  Drone  
  169  13:33  Drone  
  169  13:38  Lurker  
  169  13:39  Lurker  
  171  13:47  Lurker  
  171  13:48  Lurker x5  
  177  13:59  Extractor  
  177  14:00  Lurker x3  
  177  14:01  Spore Crawler  
  178  14:13  Lurker x3, Spore Crawler  
  178  14:15  Lurker  
  181  14:17  Zergling x6  
  181  14:18  Zergling x14  
  181  14:19  Lurker  
  190  14:26  Lurker  
  190  14:27  Lurker  
  190  14:29  Zergling x4  
  190  14:30  Zergling x4  
  196  14:32  Nydus Canal  
  196  14:49  Nydus Canal  
  196  14:50  Hydralisk  
  196  14:52  Zerg Ground Armor Level 1  
  191  15:03  Nydus Canal  
  191  15:11  Zergling x26  
  191  15:12  Zergling x10  
  188  15:17  Queen x3  
  185  15:21  Hydralisk  
  185  15:23  Nydus Canal  
  185  15:24  Hydralisk x3  
  188  15:31  Hydralisk  
  186  15:35  Hydralisk  
  186  15:36  Hydralisk x4  
  186  15:40  Nydus Canal  
  196  15:43  Hydralisk x2  
  196  15:50  Hydralisk x2  
  196  15:53  Zergling x4  
  196  15:55  Nydus Canal  
  192  16:04  Hydralisk x2  
  192  16:06  Zergling x2  
  192  16:07  Zergling x6  
  179  16:14  Hydralisk x4  
  179  16:16  Zergling x10  
  179  16:17  Hydralisk  
  186  16:19  Hydralisk  
  187  16:26  Drone x3  
  181  16:33  Lurker x9  
  181  16:34  Zergling x14  
  181  16:35  Nydus Canal  
  181  16:38  Hydralisk x2  
  200  16:42  Hydralisk x2  
  194  16:48  Zergling x8  
  189  16:56  Zergling x6, Spore Crawler  
  189  16:57  Zergling x6  
  189  17:00  Overlord  
  194  17:01  Lurker x2  
  194  17:02  Lurker x4  
  194  17:06  Lurker  
  199  17:21  Nydus Canal  

Tags
 
Add a new tag
Caveats
  • Supply blocks, unpowered buildings, or Contaminate may cause inaccurate times.
  • Supply counts are checked every 10 seconds.